General information
- name: BNet
- type: Ladder team game (AT/RT)
- host: Battle.net
- saver: NEW_TROLL_HERE
map: DragonFalls
- players: 8
- length: 33:57
- speed: Fast
- version: 1.26 W3XP
- replay type: Public
» download(215 KB)
Players
team 1 (winner)

»
BLAZIKAN (
pink | 57 APM | 1930 actions | 33:56)
10 Archmage
3 Summon Water Elemental
3 Brilliance Aura
1 Mass Teleport
3 Blizzard
1 Naga Sea Witch
1 Frost Arrows
» actions
| Assign group hotkey | 50 | |
| Basic commands | 27 | |
| Build / train | 181 | |
| ESC pressed | 6 | |
| Enter build submenu | 35 | |
| Enter hero's abilities submenu | 11 | |
| Remove unit from queue | 6 | |
| Right click | 523 | |
| Select / deselect | 443 | |
| Select group hotkey | 554 | |
| Use ability | 94 | |
1930 total
» units
| Peasant | 37 | |
| Flying Machine | 92 | |
129 total
» upgrades
| Masonry | 3 | |
| Lumber Harvesting | 2 | |
| Flying Machine Bombs | 1 | |
| Flak Cannons | 1 | |
| Gunpowder | 3 | |
| Armor | 0 | |
| Plating | 3 | |
13 total
» buildings
| Altar of Kings | 1 | |
| Farm | 10 | |
| Lumber Mill | 3 | |
| Keep | 1 | |
| Town Hall | 3 | |
| Castle | 1 | |
| Blacksmith | 1 | |
| Arcane Vault | 1 | |
| Workshop | 3 | |
| Scout Tower | 9 | |
| Guard Tower | 3 | |
| Cannon Tower | 1 | |
37 total
» build order
00:10 Altar of Kings
00:14 Farm
01:01 Farm
01:06 Lumber Mill
01:41 Farm
02:51 Keep
03:48 Town Hall
04:07 Farm
05:47 Castle
05:51 Blacksmith
05:55 Arcane Vault
06:40 Workshop
06:55 Workshop
07:12 Workshop
08:17 Farm
09:44 Farm
10:16 Farm
10:23 Farm
11:08 Farm
11:14 Farm
15:02 Lumber Mill
16:57 Town Hall
23:13 Town Hall
23:17 Scout Tower
23:50 Guard Tower
23:51 Scout Tower
24:19 Scout Tower
24:44 Guard Tower
24:46 Scout Tower
24:48 Cannon Tower
25:21 Scout Tower
25:22 Guard Tower
26:12 Guard Tower
26:24 Scout Tower
27:00 Scout Tower
27:05 Scout Tower
28:00 Scout Tower
29:44 Guard Tower
30:03 Lumber Mill
» items
| Scroll of Regeneration | 2 | |
| Potion of Healing | 3 | |
| Orb of Fire | 1 | |
| Scroll of Town Portal | 4 | |
| Potion of Lesser Invulnerability | 2 | |
| Scroll of Protection | 2 | |
| Circlet of Nobility | 1 | |
| Boots of Speed | 1 | |
16 total

»
LionheartM (
blue | 32 APM | 1069 actions | 33:56)
8 Paladin
2 Holy Light
2 Divine Shield
3 Devotion Aura
1 Resurrection
» actions
| Assign group hotkey | 7 | |
| Basic commands | 38 | |
| Build / train | 92 | |
| Enter build submenu | 29 | |
| Enter hero's abilities submenu | 8 | |
| Right click | 523 | |
| Select / deselect | 268 | |
| Select group hotkey | 18 | |
| Use ability | 86 | |
1069 total
» units
| Peasant | 15 | |
| Knight | 24 | |
| Rifleman | 1 | |
40 total
» upgrades
| Masonry | 3 | |
| Plating | 3 | |
| Swords | 3 | |
| Lumber Harvesting | 2 | |
| Animal War Training | 1 | |
| Gunpowder | 1 | |
| Barrage | 1 | |
14 total
» buildings
| Scout Tower | 8 | |
| Altar of Kings | 1 | |
| Arcane Tower | 1 | |
| Farm | 10 | |
| Lumber Mill | 1 | |
| Keep | 3 | |
| Guard Tower | 6 | |
| Blacksmith | 1 | |
| Castle | 1 | |
| Arcane Sanctum | 1 | |
| Arcane Vault | 1 | |
| Barracks | 2 | |
| Workshop | 1 | |
37 total
» build order
00:20 Scout Tower
00:23 Altar of Kings
00:51 Arcane Tower
01:40 Farm
01:46 Lumber Mill
02:58 Keep
02:59 Keep
03:04 Farm
03:10 Scout Tower
04:14 Guard Tower
04:21 Blacksmith
04:32 Farm
04:39 Scout Tower
05:56 Guard Tower
06:08 Farm
06:32 Scout Tower
06:35 Castle
06:46 Arcane Sanctum
07:04 Scout Tower
07:14 Arcane Vault
07:19 Farm
07:55 Guard Tower
07:59 Scout Tower
08:21 Scout Tower
08:27 Barracks
08:33 Guard Tower
08:49 Guard Tower
08:53 Scout Tower
08:57 Farm
09:46 Barracks
10:09 Farm
10:11 Guard Tower
10:54 Farm
14:21 Farm
15:22 Farm
20:28 Workshop
» items
| Potion of Healing | 2 | |
| Potion of Mana | 1 | |
| Scroll of Regeneration | 2 | |
| Scroll of Town Portal | 6 | |
| Orb of Fire | 3 | |
14 total
NEW_TROLL_HERE (
green | 62 APM | 2095 actions | 33:57)
5 Archmage
3 Blizzard
2 Brilliance Aura
» actions
| Assign group hotkey | 25 | |
| Basic commands | 51 | |
| Build / train | 65 | |
| ESC pressed | 2 | |
| Enter build submenu | 25 | |
| Enter hero's abilities submenu | 5 | |
| Give item / drop item | 1 | |
| Right click | 870 | |
| Select / deselect | 614 | |
| Select group hotkey | 328 | |
| Use ability | 109 | |
2095 total
» units
| Peasant | 9 | |
| Footman | 8 | |
| Goblin Zeppelin | 7 | |
| Mortar Team | 14 | |
38 total
» upgrades
| Masonry | 3 | |
| Lumber Harvesting | 1 | |
| Flare | 1 | |
| Gunpowder | 3 | |
| Armor | 2 | |
| Fragmentation Shards | 1 | |
11 total
» buildings
| Altar of Kings | 2 | |
| Barracks | 1 | |
| Farm | 9 | |
| Arcane Vault | 1 | |
| Lumber Mill | 2 | |
| Scout Tower | 2 | |
| Keep | 1 | |
| Blacksmith | 2 | |
| Guard Tower | 2 | |
| Workshop | 2 | |
| Castle | 1 | |
| Town Hall | 1 | |
26 total
» build order
00:06 Altar of Kings
00:08 Altar of Kings
00:11 Barracks
00:39 Farm
01:35 Arcane Vault
01:43 Farm
03:04 Farm
03:10 Farm
03:51 Lumber Mill
04:55 Scout Tower
05:22 Keep
05:31 Farm
05:45 Blacksmith
05:47 Blacksmith
06:59 Guard Tower
07:11 Scout Tower
07:44 Workshop
07:47 Workshop
08:15 Guard Tower
11:03 Farm
11:05 Farm
11:06 Farm
11:08 Farm
13:47 Castle
19:58 Lumber Mill
25:15 Town Hall
» items
| Lesser Clarity Potion | 1 | |
| Potion of Healing | 3 | |
| Boots of Speed | 1 | |
| Staff of Teleportation | 1 | |
6 total
DarthBALVO (
red | 35 APM | 1189 actions | 33:56)
6 Blademaster
3 Wind Walk
2 Mirror Image
1 Bladestorm
» actions
| Basic commands | 55 | |
| Build / train | 96 | |
| Enter build submenu | 36 | |
| Enter hero's abilities submenu | 6 | |
| Remove unit from queue | 4 | |
| Right click | 642 | |
| Select / deselect | 289 | |
| Use ability | 61 | |
1189 total
» units
| Peon | 29 | |
| Grunt | 12 | |
| Tauren | 21 | |
| Shaman | 13 | |
75 total
» upgrades
| Melee Weapons | 2 | |
| Armor | 1 | |
| Shaman Training | 2 | |
5 total
» buildings
| Altar of Storms | 3 | |
| Orc Burrow | 12 | |
| Barracks | 1 | |
| Stronghold | 1 | |
| War Mill | 2 | |
| Great Hall | 1 | |
| Fortress | 1 | |
| Tauren Totem | 2 | |
| Spirit Lodge | 1 | |
| Watch Tower | 6 | |
30 total
» build order
00:07 Altar of Storms
00:10 Orc Burrow
00:30 Barracks
01:33 Orc Burrow
02:22 Orc Burrow
03:59 Stronghold
04:06 Orc Burrow
05:03 War Mill
05:07 Orc Burrow
06:02 Great Hall
06:37 Fortress
09:01 Tauren Totem
10:56 Spirit Lodge
12:52 Tauren Totem
12:57 Watch Tower
14:08 Orc Burrow
14:16 Altar of Storms
14:53 War Mill
15:11 Orc Burrow
16:01 Orc Burrow
16:12 Orc Burrow
17:19 Orc Burrow
17:30 Watch Tower
17:42 Watch Tower
18:39 Watch Tower
18:46 Watch Tower
18:49 Watch Tower
19:25 Orc Burrow
26:14 Orc Burrow
28:24 Altar of Storms
» items
team 2 (loser)

»
ANN1HILATION (
orange | 65 APM | 1857 actions | 28:46)
7 Tauren Chieftain
3 War Stomp
3 Endurance Aura
1 Reincarnation
» actions
| Assign group hotkey | 44 | |
| Basic commands | 114 | |
| Build / train | 99 | |
| ESC pressed | 3 | |
| Enter build submenu | 39 | |
| Enter hero's abilities submenu | 7 | |
| Give item / drop item | 2 | |
| Remove unit from queue | 8 | |
| Right click | 816 | |
| Select / deselect | 430 | |
| Select group hotkey | 182 | |
| Use ability | 113 | |
1857 total
» units
| Peon | 11 | |
| Troll Headhunter/Berserker | 23 | |
| Troll Witch Doctor | 9 | |
| Shaman | 7 | |
| Tauren | 7 | |
57 total
» upgrades
| Melee Weapons | 2 | |
| Ranged Weapons | 2 | |
| Armor | 1 | |
| Shaman Training | 2 | |
| Witch Doctor Training | 2 | |
| Berserker Upgrade | 1 | |
10 total
» buildings
| Altar of Storms | 1 | |
| Orc Burrow | 7 | |
| Barracks | 1 | |
| War Mill | 2 | |
| Voodoo Lounge | 1 | |
| Watch Tower | 10 | |
| Stronghold | 1 | |
| Fortress | 1 | |
| Spirit Lodge | 4 | |
| Great Hall | 1 | |
| Tauren Totem | 4 | |
33 total
» build order
00:07 Altar of Storms
00:09 Orc Burrow
00:29 Barracks
01:41 Orc Burrow
01:46 Orc Burrow
01:50 War Mill
01:54 War Mill
02:11 Voodoo Lounge
03:16 Orc Burrow
04:08 Watch Tower
05:04 Watch Tower
06:16 Watch Tower
07:04 Stronghold
07:15 Watch Tower
08:41 Orc Burrow
09:31 Fortress
09:39 Spirit Lodge
09:41 Spirit Lodge
09:46 Spirit Lodge
10:43 Orc Burrow
12:45 Great Hall
13:48 Watch Tower
13:49 Watch Tower
13:50 Watch Tower
13:57 Watch Tower
16:07 Watch Tower
17:18 Watch Tower
20:58 Tauren Totem
21:02 Tauren Totem
23:20 Spirit Lodge
23:20 Tauren Totem
24:13 Tauren Totem
24:51 Orc Burrow
» items
| Healing Salve | 2 | |
| Lesser Clarity Potion | 2 | |
| Scroll of Speed | 2 | |
| Potion of Mana | 1 | |
| Scroll of Town Portal | 3 | |
| Boots of Speed | 1 | |
| Periapt of Vitality | 1 | |
| Potion of Lesser Invulnerability | 1 | |
| Orb of Lightning | 1 | |
14 total
gregsimoneau (
teal | 35 APM | 1188 actions | 33:55)
8 Demon Hunter
3 Evasion
3 Mana Burn
1 Metamorphosis
1 Immolation
3 Pandaren Brewmaster
2 Breath of Fire
1 Drunken Brawler
1 Tauren Chieftain
1 Shockwave
» actions
| Basic commands | 16 | |
| Build / train | 86 | |
| Enter build submenu | 22 | |
| Enter hero's abilities submenu | 12 | |
| Give item / drop item | 4 | |
| Right click | 700 | |
| Select / deselect | 276 | |
| Use ability | 72 | |
1188 total
» units
| Wisp | 24 | |
| Archer | 11 | |
| Hippogryph | 7 | |
| Dryad | 10 | |
52 total
» upgrades
| Strength of the Moon | 2 | |
| Moon Armor | 2 | |
| Strength of the Wild | 1 | |
| Reinforced Hides | 1 | |
| Improved Bows | 1 | |
| Hippogryph Taming | 1 | |
| Abolish Magic | 1 | |
9 total
» buildings
| Altar of Elders | 2 | |
| Moon Well | 8 | |
| Ancient of War | 1 | |
| Hunter's Hall | 2 | |
| Ancient of Wonders | 1 | |
| Tree of Life | 3 | |
| Tree of Ages | 2 | |
| Ancient of Wind | 3 | |
| Tree of Eternity | 1 | |
| Ancient of Lore | 2 | |
25 total
» build order
00:11 Altar of Elders
00:14 Moon Well
00:22 Ancient of War
01:49 Moon Well
03:22 Hunter's Hall
03:43 Moon Well
03:46 Ancient of Wonders
04:29 Moon Well
05:11 Moon Well
05:47 Tree of Life
06:55 Moon Well
06:57 Tree of Ages
09:53 Ancient of Wind
10:07 Ancient of Wind
13:20 Tree of Life
13:26 Tree of Ages
16:48 Tree of Eternity
20:51 Ancient of Wind
21:01 Hunter's Hall
21:08 Moon Well
22:25 Ancient of Lore
22:29 Ancient of Lore
24:44 Tree of Life
30:15 Altar of Elders
30:26 Moon Well
» items
| Scroll of Town Portal | 4 | |
| Potion of Healing | 1 | |
| Orb of Lightning | 1 | |
| Scroll of Speed | 1 | |
| Scroll of Healing | 1 | |
8 total

»
The_Undietaker (
yellow | 50 APM | 1666 actions | 33:00)
7 Far Seer
3 Feral Spirit
3 Far Sight
1 Earth Quake
4 Tauren Chieftain
2 Endurance Aura
2 War Stomp
» actions
| Assign group hotkey | 21 | |
| Basic commands | 12 | |
| Build / train | 59 | |
| Enter build submenu | 20 | |
| Enter hero's abilities submenu | 11 | |
| Give item / drop item | 1 | |
| Remove unit from queue | 2 | |
| Right click | 909 | |
| Select / deselect | 292 | |
| Select group hotkey | 261 | |
| Use ability | 78 | |
1666 total
» units
| Peon | 7 | |
| Troll Headhunter/Berserker | 14 | |
| Demolisher | 5 | |
26 total
» upgrades
| Ranged Weapons | 3 | |
| Troll Regeneration | 1 | |
| Armor | 2 | |
| Berserker Upgrade | 1 | |
| Burning Oil | 1 | |
8 total
» buildings
| War Mill | 1 | |
| Orc Burrow | 9 | |
| Watch Tower | 3 | |
| Altar of Storms | 1 | |
| Barracks | 2 | |
| Voodoo Lounge | 1 | |
| Stronghold | 1 | |
| Fortress | 1 | |
| Great Hall | 2 | |
21 total
» build order
00:09 War Mill
00:34 Orc Burrow
01:25 Watch Tower
01:33 Orc Burrow
01:45 Watch Tower
02:15 Altar of Storms
02:26 Barracks
02:43 Barracks
03:04 Voodoo Lounge
03:22 Orc Burrow
06:42 Stronghold
08:02 Orc Burrow
09:56 Fortress
10:19 Orc Burrow
11:10 Orc Burrow
21:12 Watch Tower
24:07 Great Hall
24:14 Orc Burrow
27:50 Orc Burrow
27:54 Orc Burrow
29:47 Great Hall
» items
| Healing Salve | 4 | |
| Potion of Healing | 1 | |
| Scroll of Town Portal | 3 | |
8 total
risingmoon28 (
purple | 24 APM | 797 actions | 32:41)
8 Demon Hunter
3 Immolation
3 Evasion
1 Metamorphosis
1 Mana Burn
» actions
| Build / train | 86 | |
| Enter build submenu | 20 | |
| Enter hero's abilities submenu | 8 | |
| Give item / drop item | 1 | |
| Remove unit from queue | 8 | |
| Right click | 336 | |
| Select / deselect | 292 | |
| Use ability | 46 | |
797 total
» units
| Wisp | 21 | |
| Archer | 18 | |
| Hippogryph | 15 | |
54 total
» upgrades
| Strength of the Moon | 3 | |
| Moon Armor | 3 | |
| Improved Bows | 1 | |
| Hippogryph Taming | 1 | |
| Marksmanship | 1 | |
9 total
» buildings
| Altar of Elders | 2 | |
| Moon Well | 6 | |
| Ancient of War | 2 | |
| Tree of Ages | 2 | |
| Hunter's Hall | 1 | |
| Ancient of Wind | 4 | |
| Tree of Eternity | 2 | |
| Tree of Life | 2 | |
| Ancient of Wonders | 1 | |
22 total
» build order
00:26 Altar of Elders
00:44 Moon Well
00:52 Ancient of War
01:43 Moon Well
02:38 Moon Well
03:39 Tree of Ages
04:12 Moon Well
04:23 Hunter's Hall
05:11 Moon Well
06:00 Ancient of War
06:10 Ancient of Wind
06:16 Ancient of Wind
10:50 Tree of Eternity
15:48 Tree of Life
16:03 Tree of Life
21:09 Tree of Ages
23:10 Ancient of Wonders
23:35 Ancient of Wind
23:44 Ancient of Wind
24:01 Altar of Elders
25:06 Moon Well
25:13 Tree of Eternity
» items
| Scroll of Town Portal | 1 | |
| Orb of Lightning | 1 | |
2 total
Chat log
(00:19 / Allies) BLAZIKAN: strat?
(00:25 / Allies) BLAZIKAN: lets uber fast expo
(00:25 / Allies) NEW_TROLL_HERE: drop morts
(00:27 / Allies) BLAZIKAN: and 2v2 rush
(00:29 / Allies) NEW_TROLL_HERE: in their backs
(00:40 / Allies) BLAZIKAN: mass copters here
(00:44 / Allies) BLAZIKAN: make good base and expo
(00:45 / Allies) DarthBALVO: taurens
(00:50 / Allies) DarthBALVO: and shams
(02:00 / Allies) LionheartM: im going knights'
(02:30 / Allies) NEW_TROLL_HERE: brt
(04:42 / Allies) BLAZIKAN: go blue
(05:31 / Allies) BLAZIKAN: FYUCK
(06:43 / Allies) BLAZIKAN: wood me
(06:54 / Allies) NEW_TROLL_HERE: don't have much extra
(07:25 / Allies) DarthBALVO: wow fuck
(07:31 / Allies) BLAZIKAN: BACK
(07:32 / Allies) BLAZIKAN: GRUNTS
(07:47 / Allies) LionheartM: hope u got some towers
(07:49 / Allies) BLAZIKAN: i got gold for wood
(08:01 / Allies) NEW_TROLL_HERE: i'm in more or less the same predicament
(08:42 / Allies) BLAZIKAN: ok
(08:43 / Allies) DarthBALVO: we gotta get their expos
(08:45 / Allies) BLAZIKAN: i started the production
(08:47 / Allies) BLAZIKAN: of gyros
(09:16 / Allies) BLAZIKAN: ne1 needs gold?
(10:40 / Allies) BLAZIKAN: stick together
(11:35 / Allies) DarthBALVO: help
(11:44 / Allies) DarthBALVO: helpppp
(11:47 / Allies) BLAZIKAN: tp
(11:49 / Allies) BLAZIKAN: BACK UR UNITS
(12:08 / Allies) BLAZIKAN: TP
(13:07 / Allies) BLAZIKAN: gj
(13:39 / Allies) NEW_TROLL_HERE: got purps main too maybe
(13:44 / Allies) DarthBALVO: any1 need some gold
(13:45 / Allies) BLAZIKAN: ya gj
(14:00 / Allies) DarthBALVO: if not ima use it to rebuild
(14:40 / Allies) LionheartM: make some towers please
(14:41 / Allies) DarthBALVO: word
(14:42 / Allies) BLAZIKAN: gj green
(14:59 / Allies) DarthBALVO: good job keepin me alive guys lol
(15:05 / Allies) NEW_TROLL_HERE: sry was busy killing their bases.
(15:21 / Allies) DarthBALVO: no serously it was good
(15:27 / Allies) DarthBALVO: i kept everything that i needed
(15:28 / Allies) NEW_TROLL_HERE: oh
(15:28 / Allies) DarthBALVO: lmao
(15:32 / Allies) NEW_TROLL_HERE: well goodie
(15:36 / Allies) NEW_TROLL_HERE: i'll be ready to drop again soon
(15:43 / Allies) DarthBALVO: yeah ill be rdy to hit soon
(15:47 / Allies) DarthBALVO: shamans n taurens
(15:48 / Allies) NEW_TROLL_HERE: note that
(15:53 / Allies) BLAZIKAN: i go
(16:12 / Allies) BLAZIKAN: check it
(16:35 / Allies) NEW_TROLL_HERE: gonna hit yellow or teal
(16:39 / Allies) NEW_TROLL_HERE: Vote now
(16:43 / Allies) NEW_TROLL_HERE: ojs attacking
(17:02 / Allies) BLAZIKAN: gold me
(17:09 / Allies) NEW_TROLL_HERE: can't
(17:13 / Allies) NEW_TROLL_HERE: no funds
(17:59 / Allies) NEW_TROLL_HERE: note this
(19:02 / Allies) BLAZIKAN: got mass tp
(19:05 / Allies) NEW_TROLL_HERE: nice
(20:32 / Allies) BLAZIKAN: red
(20:33 / Allies) BLAZIKAN: STAY
(20:38 / Allies) BLAZIKAN: STAY RED
(20:39 / Allies) BLAZIKAN: IM COMING
(20:45 / Allies) NEW_TROLL_HERE: i'll go to
(20:46 / Allies) NEW_TROLL_HERE: whever that is
(21:10 / Allies) NEW_TROLL_HERE: gonna finish yeellows main
(21:42 / Allies) NEW_TROLL_HERE: kill heal ward
(22:29 / Allies) NEW_TROLL_HERE: note this
(22:47 / All) The_Undietaker: ty for the win green
(23:14 / Allies) BLAZIKAN: wood ne1?
(23:29 / Allies) BLAZIKAN: WOOD
(23:35 / All) The_Undietaker: its funny that noobs think that is a good strat
(23:54 / All) The_Undietaker: ROFL
(24:02 / Allies) BLAZIKAN: blue
(24:03 / Allies) BLAZIKAN: gimme wood
(24:04 / Allies) BLAZIKAN: now
(24:25 / Allies) BLAZIKAN: BLUE
(24:26 / Allies) BLAZIKAN: WOOD ME
(24:37 / Allies) BLAZIKAN: BLUE
(24:39 / Allies) BLAZIKAN: GIVE ME SPARE WOOD
(25:18 / All) The_Undietaker: ROFL
(25:57 / Allies) NEW_TROLL_HERE: gold pelase
(25:59 / Allies) NEW_TROLL_HERE: to make more mortas
(26:44 / Allies) NEW_TROLL_HERE: you can stop making copters pink
(26:49 / Allies) NEW_TROLL_HERE: they don't do anything against this
(27:03 / Allies) NEW_TROLL_HERE: gold please someone
(27:34 / Allies) NEW_TROLL_HERE: no?
(27:39 / Allies) NEW_TROLL_HERE: is that your final answer?
(27:41 / Allies) NEW_TROLL_HERE: pink with 3000 gold?
(27:51 / Allies) NEW_TROLL_HERE: and absolutely nothing to show for it?
(28:48 / Allies) NEW_TROLL_HERE: that wasn't much but whatever thanks
(28:56 / All) The_Undietaker: gg
(28:59 / All) NEW_TROLL_HERE: gg
(29:00 / All) The_Undietaker: green go play solo
(29:03 / All) NEW_TROLL_HERE: why?
(29:04 / All) The_Undietaker: ur a fucking dumbshit
(29:12 / All) NEW_TROLL_HERE: Why do you think that?
(29:23 / All) NEW_TROLL_HERE: If you would like to play solo against me, I would be ok with that
(29:31 / All) The_Undietaker: because if i had a good team u would have been dead cause u suck ass
(29:40 / All) NEW_TROLL_HERE: hahaha
(29:47 / All) DarthBALVO: hey man we didnt have the greatest team
(30:01 / All) The_Undietaker: i know thats why im telling green he sucked ass
(30:02 / All) NEW_TROLL_HERE: So, I'm guessing you're going to decline my 1v1 invitation then?
(31:07 / All) The_Undietaker: go defend ur pussy team blue
(32:00 / Allies) NEW_TROLL_HERE: more gold pink pelase
(32:41 / All) BLAZIKAN: that was sick admit it yellow
(32:43 / All) The_Undietaker: gg red and blue
(32:47 / All) DarthBALVO: gg
(32:50 / All) NEW_TROLL_HERE: LOl
(32:54 / All) The_Undietaker: the rest of ur team was a bunch of godamn morons like mine
(32:59 / All) DarthBALVO: nah man
(33:06 / All) DarthBALVO: my team was all better than me probs